 Dungeon Crawl Stone Soup version 0.25-a0-558-g78a2afb0af (webtiles) character file.

Game seed: 14190704089214221915, levelgen mode: deterministic

4314 DerDa the Destroyer (level 10, -1/63 HPs)
             Began as a Demonspawn Fire Elementalist on Feb 24, 2020.
             Was a Follower of Sif Muna.
             Slain by an unseen horror (7 damage)
             ... on level 9 of the Dungeon.
             The game lasted 00:34:46 (8160 turns).

DerDa the Destroyer (Demonspawn Fire Elementalist)  Turns: 8160, Time: 00:34:47

Health: -1/63      AC:  8    Str:  9    XL:     10   Next: 11%
Magic:  8/21       EV: 17    Int: 20    God:    Sif Muna [*.....]
Gold:   187        SH:  0    Dex: 13    Spells: 14/24 levels left

rFire    + . .     SeeInvis .   o - +1 short sword (elec)
rCold    + + .     Gourm    .   (no shield)
rNeg     . . .     Faith    .   a - +0 robe
rPois    .         Spirit   .   p - +1 helmet
rElec    .         Reflect  .   (no cloak)
rCorr    .         Harm     .   f - +0 pair of gloves
MR       .....                  (no boots)
Stlth    ++........             (no amulet)
HPRegen  0.20/turn              g - ring of protection from fire
MPRegen  0.17/turn              u - ring of protection from cold

@: mighty, agile
A: hooves 1, icy blue scales 2, cold resistance 1, powered by pain 1
a: Channel Magic, Renounce Religion


You were on level 9 of the Dungeon.
You worshipped Sif Muna.
Sif Muna was aware of your devotion.
You were not hungry.

You visited 2 branches of the dungeon, and saw 10 of its levels.
You also visited: Ossuary.

You collected 235 gold pieces.
You spent 48 gold pieces at shops.

Inventory:

Hand Weapons
 n - a +0 dagger of speed
 o - a +1 short sword of electrocution (weapon)
 C - a +1 whip of flaming
 D - a +4 vorpal hand axe
Missiles
 j - 164 stones
 q - 28 poisoned darts (quivered)
 r - 47 bolts
 v - 36 sling bullets
 x - 7 curare-tipped darts
 H - 4 atropa-tipped darts
Armour
 a - a +0 robe (worn)
 f - a +0 pair of gloves (worn)
 p - a +1 helmet (worn)
Jewellery
 g - a ring of protection from fire (left hand)
 u - a ring of protection from cold (right hand)
 w - an uncursed ring of protection from magic {unknown}
Wands
 b - a wand of disintegration (11)
Scrolls
 i - 2 scrolls of immolation
 k - 6 scrolls of remove curse
 l - 3 scrolls of teleportation
 m - a scroll of magic mapping
 y - a scroll of fear
 z - 2 scrolls of blinking
 A - a scroll of enchant armour
 F - a scroll of brand weapon {unknown}
Potions
 e - 2 potions of mutation
 h - a potion of haste
 s - 4 potions of curing
 t - 2 potions of flight
 B - a potion of stabbing
 E - a potion of cancellation
 I - a potion of brilliance {unknown}
Comestibles
 c - 14 rations


   Skills:
 - Level 1.7 Dodging
 - Level 1.7 Stealth
 * Level 7.8 Spellcasting
 * Level 8.3 Conjurations
 * Level 8.1 Fire Magic
 + Level 4.4 Invocations


You had 14 spell levels left.
You knew the following spells:

 Your Spells              Type           Power        Failure   Level  Hunger
a - Foxfire               Conj/Fire      ####         1%          1    None
b - Sticky Flame          Conj/Fire      #####...     3%          4    ###....
c - Fireball              Conj/Fire      #####.....   9%          5    #####..

Your spell library contained the following spells:

 Spells                   Type           Power        Failure   Level  Hunger
 Conjure Flame            Conj/Fire      #####...     1%          3    None
 Inner Flame              Hex/Fire       ###.....     4%          3    None


Dungeon Overview and Level Annotations

Branches:
Dungeon (9/15)             Temple (1/1) D:6         Ossuary (visited)
   Lair: D:8-11         Orc: D:9-12

Altars:
Ashenzari
Cheibriados
Dithmenos
Elyvilon
Fedhas
Gozag
Hepliaklqana
Kikubaaqudgha
Makhleb
Nemelex Xobeh
Okawaru
Qazlal
Ru
Sif Muna
Trog
Uskayaw
Vehumet
Wu Jian
Xom
Yredelemnul
Zin
The Shining One

Shops:
D:5 ?   D:7 }


Innate Abilities, Weirdness & Mutations

You have large cloven feet.
You are mostly covered in icy blue scales. (AC +3)
Your flesh is cold resistant. (rC+)
You sometimes gain a little power by taking damage.


Message History

The manticore claws you.
* * * LOW HITPOINT WARNING * * *
Something hits you.
* * * LOW HITPOINT WARNING * * *
The big kobold hits you but does no damage.
You feel much better.
The manticore burns!
Something barely misses you. The manticore bites you!
* * * LOW HITPOINT WARNING * * *
The manticore claws you.
* * * LOW HITPOINT WARNING * * *
The manticore claws you.
* * * LOW HITPOINT WARNING * * *
The big kobold hits you but does no damage.
The manticore burns!
Something hits you.
* * * LOW HITPOINT WARNING * * *
The big kobold throws a stone.
The stone hits you.
* * * LOW HITPOINT WARNING * * *
You see here a stone.
The manticore burns!
Something hits you!
You die...

.(...
.....
....
#$)#
#..#
#.K#
#)<#
#H(#
#.@#
#...#
#.#.##
#.##.
... #.
.## ##


You could see a manticore (burning) and a big kobold.

Vanquished Creatures
  Harold (D:7)
  Pikel (D:5)
  A hippogriff (D:8)
  A spriggan (D:7)
  A hungry ghost (D:7)
  An orc warrior (D:8)
  2 ice beasts
  A phantom (D:7)
  A slave (D:5)
  2 black bears
  A necrophage (D:8)
  3 ogres
  2 centaurs (D:5)
  A big kobold (D:8)
  2 scorpions
  5 killer bees (D:7)
  7 howler monkeys
  A crimson imp (D:5)
  4 hounds
  A centaur zombie (D:6)
  A bullfrog zombie (D:7)
  2 jellies
  7 orc priests
  3 orc wizards
  A bullfrog skeleton (D:6)
  Terence (D:3)
  An iguana (D:5)
  3 worker ants (D:8)
  A hound zombie (D:8)
  3 mummies (Ossuary)
  Robin (D:2)
  2 gnolls
  9 adders
  A shadow imp (D:5)
  An ooze (D:3)
  4 adder zombies
  A worm (D:3)
  5 leopard geckos
  18 orcs
  6 bats
  3 giant cockroaches
  10 goblins
  11 hobgoblins
  14 jackals
  3 quokkas
  A ball python (D:1)
  2 frilled lizards
  A gnoll zombie (Ossuary)
  5 goblin zombies
  3 hobgoblin zombies (Ossuary)
  19 kobolds
  4 kobold zombies (Ossuary)
  A leopard gecko skeleton (D:8)
  3 quokka zombies (Ossuary)
  5 rats (D:1)
195 creatures vanquished.

Vanquished Creatures (others)
  A kobold zombie (Ossuary)
  542 foxfires
543 creatures vanquished.

Grand Total: 738 creatures vanquished

Notes
Turn   | Place    | Note
-------+----------+-------------------------------------------
     0 | D:1      | DerDa the Demonspawn Fire Elementalist began the quest for
                  | the Orb.
     0 | D:1      | Reached XP level 1. HP: 13/13 MP: 3/3
   318 | D:1      | Gained mutation: You sometimes gain a little power by
                  | taking damage. [demonic ancestry]
   318 | D:1      | Reached XP level 2. HP: 16/19 MP: 0/5
   711 | D:1      | Gained mutation: You are partially covered in icy blue
                  | scales. (AC +2) [demonic ancestry]
   711 | D:1      | Reached XP level 3. HP: 24/24 MP: 0/6
  1381 | D:2      | Noticed Robin
  1398 | D:2      | Killed Robin
  1411 | D:2      | Reached XP level 4. HP: 30/30 MP: 0/8
  2214 | D:3      | Noticed Terence
  2226 | D:3      | Killed Terence
  2226 | D:3      | Reached XP level 5. HP: 18/35 MP: 1/9
  2359 | D:3      | Learned a level 4 spell: Sticky Flame
  2365 | D:3      | Learned a level 5 spell: Fireball
  2932 | D:4      | Reached XP level 6. HP: 39/41 MP: 5/11
  3111 | D:5      | Entered Level 5 of the Dungeon
  3113 | D:5      | Found Pynehue's Magic Scroll Shoppe.
  3127 | D:5      | Bought a scroll of identify for 24 gold pieces
  3127 | D:5      | Bought a scroll of identify for 24 gold pieces
  3161 | D:5      | Found a sand-covered staircase.
  3169 | Ossuary  | Entered an ossuary
  4023 | D:5      | Reached XP level 7. HP: 35/46 MP: 10/13
  4162 | D:5      | Reached skill level 5 in Fire Magic
  4530 | D:5      | HP: 2/46 [orc priest/nerve-wracking pain (12)]
  4913 | D:5      | Reached skill level 5 in Conjurations
  5011 | D:5      | Noticed Pikel
  5025 | D:5      | Killed Pikel
  5025 | D:5      | Reached skill level 5 in Spellcasting
  5025 | D:5      | Gained mutation: You have large cloven feet. [demonic
                  | ancestry]
  5025 | D:5      | Reached XP level 8. HP: 43/52 MP: 3/16
  5633 | D:6      | Found a staircase to the Ecumenical Temple.
  5643 | Temple   | Entered the Ecumenical Temple
  5765 | Temple   | Became a worshipper of Sif Muna the Loreminder
  6236 | D:7      | Found an opulent altar of Gozag.
  6272 | D:7      | Reached skill level 1 in Invocations
  6286 | D:7      | Noticed Harold
  6311 | D:7      | Killed Harold
  6311 | D:7      | Gained mutation: You are mostly covered in icy blue scales.
                  | (AC +3) [demonic ancestry]
  6311 | D:7      | Reached XP level 9. HP: 28/57 MP: 2/19
  6500 | D:7      | Found Osex's Gadget Emporium.
  7089 | D:7      | Found an iron altar of Okawaru.
  7166 | D:7      | Reached * piety under Sif Muna
  7630 | D:8      | Found a shimmering altar of Xom.
  7803 | D:8      | Gained mutation: Your flesh is cold resistant. (rC+)
                  | [demonic ancestry]
  7803 | D:8      | Reached XP level 10. HP: 63/63 MP: 14/21
  8146 | D:9      | Noticed a manticore
  8160 | D:9      | Slain by an unseen horror

Levels and vault maps discovered:
D:1:      giann_bridges, layout_loops_corners
D:2:      layout_basic, uniq_robin
D:3:      layout_rooms, first_ration, uniq_terence
D:4:      layout_cave_pools
D:5:      layout_loops_ring, serial_shops, nicolae_shop_trees, enter_ossuary_4,
          uniq_pikel
D:6:      layout_gridville, lemuel_temple_firewalk_a
D:7:      layout_basic, okawaru_altar_gauntlet_db, serial_shops,
          nicolae_shop_waterfront, the_bakery, grunt_gozag_statues, uniq_harold
D:8:      layout_gridville, basic_altar
D:9:      layout_loops_ring, david_orc_1_choice, gammafunk_ghost_split,
          makhleb_blood_cavern_becter, uniq_maurice
Temple:   minmay_crystal_snake_temple

Skill      XL: |  1  2  3  4  5  6  7  8  9 |
---------------+----------------------------+-----
Fire Magic     | 3 4 5 7 8 |  8.1
Conjurations   | 2 3 4 5 7 8 |  8.3
Spellcasting   | 3 4 5 6 7 |  7.8
Invocations    | 2 4 |  4.4
Dodging        | |  1.7
Stealth        | |  1.7

Action                   |  1- 3 |  4- 6 |  7- 9 | 10-12 || total
-------------------------+-------+-------+-------+-------++-------
Melee: Unarmed           |     2 |       |       |       ||     2
       Club              |     1 |       |       |       ||     1
       Whip              |     2 |       |       |       ||     2
       Short sword       |     7 |    40 |    52 |     1 ||   100
       Dagger            |     6 |       |       |       ||     6
       Kick              |       |       |     7 |       ||     7
Throw: Dart              |       |     3 |       |       ||     3
 Cast: Foxfire           |    73 |   138 |   124 |    35 ||   370
       Sticky Flame      |       |     6 |    32 |     5 ||    43
       Fireball          |       |       |     1 |       ||     1
Evoke: Wand              |       |     3 |       |       ||     3
  Use: Potion            |       |     5 |     1 |     2 ||     8
       Scroll            |       |     9 |       |     4 ||    13
  Eat: Chunk             |     2 |     6 |    16 |     2 ||    26
       Ration            |       |     1 |     1 |       ||     2
Armor: Leather armour    |    10 |    20 |       |       ||    30
       Robe              |       |    15 |    31 |    13 ||    59
Dodge: Dodged            |    27 |    68 |    61 |    15 ||   171

Table legend:
 A = Non-vault XP
 B = Vault XP
 C = Vault XP percentage of total XP
 D = Non-vault monster count
 E = Vault monster count
 F = Vault count percentage of total count
                 A         B        C        D         E       F
            +---------+---------+-------+---------+---------+-------
      Total |    4180 |    1983 |  32.2 |     154 |      41 |  21.0
            +---------+---------+-------+---------+---------+-------
        D:1 |      49 |       0 |   0.0 |      23 |       0 |   0.0
        D:2 |      43 |      28 |  39.4 |      19 |       8 |  29.6
        D:3 |      60 |      38 |  38.8 |      19 |       1 |   5.0
        D:4 |     168 |       0 |   0.0 |      10 |       0 |   0.0
        D:5 |     720 |     609 |  45.8 |      20 |       3 |  13.0
        D:6 |     686 |       0 |   0.0 |      15 |       0 |   0.0
        D:7 |    1352 |    1224 |  47.5 |      24 |       8 |  25.0
        D:8 |    1059 |       0 |   0.0 |      21 |       0 |   0.0
        D:9 |      43 |       0 |   0.0 |       3 |       0 |   0.0
    Ossuary |       0 |      84 | 100.0 |       0 |      21 | 100.0
            +---------+---------+-------+---------+---------+-------
